 Dungeon Crawl Stone Soup version 0.27.1-33-g824d729ab1 (webtiles) character file.

Game seed: 46279351573775744

11 Descartes the Grasshopper (level 2, 0/13 HPs)
             Began as a Felid Warper on Nov 25, 2021.
             Slain by a goblin (4 damage)
             ... on level 1 of the Dungeon.
             The game lasted 00:01:09 (457 turns).

Descartes the Grasshopper (Felid Warper)             Turns: 457, Time: 00:01:09

Health: 0/13       AC:  1    Str:  7    XL:     2   Next: 17%
Magic:  6/6        EV: 18    Int: 14    God:
Gold:   10         SH:  0    Dex: 15    Spells: 5/5 levels left
                                        Lives:  0   Deaths: 0

rFire    . . .     SeeInvis +     - Unarmed
rCold    . . .     Faith    .   (shield unavailable)
rNeg     . . .     Spirit   .   (armour unavailable)
rPois    .         Reflect  .   (helmet unavailable)
rElec    .         Harm     .   (cloak unavailable)
rCorr    .         Rampage  .   (gloves unavailable)
Will     .....                  (boots unavailable)
Stlth    ++........             (no amulet)
HPRegen  0.04/turn              (no ring)
MPRegen  0.10/turn              (no ring)

@: quick
A: very small, claws 1, fangs 3, see invisible, speed 1, shaggy fur 1, stealthy
paws, no weapons or thrown items, no armour, multi-lived
a: no special abilities


You were on level 1 of the Dungeon.
You visited 1 branch of the dungeon, and saw 1 of its levels.

You collected 10 gold pieces.

Inventory:

Missiles
 f - 15 stones
Scrolls
 a - a scroll of blinking
 b - 2 scrolls of teleportation {unknown}
Potions
 c - a potion of heal wounds {unknown}
 d - a potion of cancellation {unknown}
 e - a potion of ambrosia {unknown}


   Skills:
 - Level 2.0 Fighting
 * Level 3.8 Dodging
 + Level 1.1 Stealth
 + Level 2.2 Unarmed Combat
 - Level 2.0 Spellcasting
 - Level 4.4 Translocations


You had 5 spell levels left.
You didn't know any spells.
Your spell library contained the following spells:

 Spells                   Type           Power      Damage    Failure   Level
 Blink                    Tloc           N/A        N/A       6%          2
 Gell's Gravitas          Tloc           6%         N/A       12%         3
 Lesser Beckoning         Tloc           6%         N/A       12%         3
 Teleport Other           Tloc           13%        N/A       12%         3
 Manifold Assault         Tloc           13%        N/A       73%         5


Dungeon Overview and Level Annotations

Branches:
Dungeon (1/15)

Altars:

Shops:
D:1 !


Innate Abilities, Weirdness & Mutations

You have sharp claws.
You have razor-sharp teeth.
You have supernaturally acute eyesight. (SInv)
You cover ground quickly. (Speed+)
You are covered in fur. (AC +1)
Your paws help you pounce on unaware monsters.
You are incapable of wielding weapons or throwing items.
You cannot wear armour.
You gain extra lives every three experience levels.


Message History

You scratch the ball python. You bite the ball python.
You kill the ball python!
No target in view!
No target in view!
No target in view!
No target in view!
No target in view!
No target in view!
No target in view!
No target in view!
No target in view!
No target in view!
No target in view!
No target in view!
An endoplasm comes into view.
An endoplasm and a goblin come into view.
The endoplasm quivers.
The endoplasm hits you.
The endoplasm quivers.
You scratch the endoplasm.
You claw the endoplasm, but do no damage.
You bite the endoplasm.
You kill the endoplasm!
The goblin misses you. The endoplasm freezes you.
You are frozen.
You scratch the endoplasm but do no damage.
You bite the endoplasm.
The endoplasm is moderately wounded.
The goblin barely misses you. The endoplasm freezes you.
You are frozen.
You scratch the endoplasm.
You kill the endoplasm!
The goblin hits you with a +0 club. The goblin completely misses you.
You scratch the goblin.
The goblin is moderately wounded.
The goblin hits you with a +0 club.
You die...

.###.<##..##....#
.###.##..###....#...#
..##.....##....##...#
...#######....## ...#
....####......# ...#
#............####...#
####......######....#
######## ###.....#
#############...@...#
................g...#
...##........##.....#
..........#####.#####
.....#.#.## ...
.#.....#.# #....
#........# #....#
........## #....#
........### ######


You could see a goblin.

Vanquished Creatures
  3 endoplasms (D:1)
  A hobgoblin (D:1)
  A quokka (D:1)
  3 ball pythons (D:1)
  2 bats (D:1)
  A frilled lizard (D:1)
11 creatures vanquished.

Notes
Turn   | Place    | Note
-------+----------+-------------------------------------------
     0 | D:1      | Descartes the Felid Warper began the quest for the Orb.
     0 | D:1      | Reached XP level 1. HP: 9/9 MP: 4/4
    73 | D:1      | Found Ylu Utao's Distillery.
   327 | D:1      | Reached skill level 1 in Stealth
   327 | D:1      | Reached XP level 2. HP: 8/13 MP: 6/6
   457 | D:1      | Slain by a goblin

Illustrated notes

Levels and vault maps discovered:
D:1:      dpeg_arrival_snail, layout_rooms, serial_shops, shop,
          roderic_serpentine_path

Skill      XL: |  1 |
---------------+----+-----
Stealth        | 1 |  1.1
Fighting       | |  2.0
Dodging        | |  3.8
Unarmed Combat | |  2.2
Spellcasting   | |  2.0
Translocations | |  4.4

Action                   || total
-------------------------++-------
Melee: Unarmed           ||    38
       Bite              ||     5
       Punch             ||     1
Armor: Skin              ||     6
Dodge: Dodged            ||    57
